 Seeded DCSS version 0.28.0 (webtiles) character file.

Game seed: 10379525442082979767 (custom seed)

541 hikkokomori the Skirmisher (level 7, -10/56 HPs)
             Began as a Formicid Cinder Acolyte on Feb 16, 2022.
             Was a High Priest of Ignis.
             Succumbed to a killer bee's poison
             ... on level 4 of the Dungeon.
             The game lasted 00:07:01 (4764 turns).

hikkokomori the Skirmisher (FoCA)                   Turns: 4764, Time: 00:07:01

Health: -10/56     AC:  2    Str: 18    XL:     7   Next: 52%
Magic:  12/12      EV: 11    Int: 16    God:    Ignis [*****.]
Gold:   96         SH:  0    Dex:  6    Spells: 11/13 levels left

rFire   + . .      SeeInvis +   l - +0 long sword (spect)
rCold   . . .      Faith    .   (no shield)
rNeg    . . .      Spirit   .   b - +0 robe
rPois   .          Reflect  .   (helmet unavailable)
rElec   .          Harm     .   (no cloak)
rCorr   .          Rampage  .   (no gloves)
Will    .....                   (no boots)
Stlth   ++........              (no amulet)
HPRegen 0.18/turn               (no ring)
MPRegen 0.13/turn               (no ring)

@: lethally poisoned (-10 -> -45)
A: permanent stasis, dig shafts and tunnels, antennae 3, four strong arms
a: Dig, Shaft Self, Renounce Religion, Fiery Armour, Foxfire Swarm, Rising Flame


You were on level 4 of the Dungeon.
You worshipped Ignis.
Ignis was extremely pleased with you.
You visited 1 branch of the dungeon, and saw 5 of its levels.

You collected 96 gold pieces.

Inventory:

Hand Weapons
 a - a -1 falchion of flaming
 l - a +0 spectral long sword (weapon)
Armour
 b - a +0 robe (worn)
Scrolls
 e - a scroll of immolation {unknown}
 f - a scroll of teleportation
 g - a scroll of fog {unknown}
 i - a scroll of magic mapping
 k - a scroll of amnesia {unknown}
 m - a scroll of enchant weapon {unknown}
 n - a scroll of torment {unknown}
Potions
 c - a potion of degeneration {unknown}
 d - 2 potions of curing {unknown}
 h - a potion of attraction {unknown}
 j - a potion of brilliance {unknown}


   Skills:
 + Level 5.1 Fighting
 - Level 3.0 Long Blades
 + Level 4.6 Stealth
 + Level 3.7 Spellcasting
 + Level 4.8 Fire Magic


You had 11 spell levels left.
You knew the following spells:

 Your Spells              Type           Power      Damage    Failure   Level
a - Scorch                Fire           36%        2d7       3%          2

Your spell library contained the following spells:

 Spells                   Type           Power      Damage    Failure   Level
 Static Discharge         Conj/Air       2%         N/A       26%         2
 Sticky Flame             Conj/Fire      10%        2d3       54%         4
 Dispel Undead            Necr           2%         3d7       86%         4


Dungeon Overview and Level Annotations

Branches:
Dungeon (5/15)
 Temple: D:4-7

Altars:

Shops:
D:3 ?

Annotations:
D:4 Eustachio
D:5 Ijyb


Innate Abilities, Weirdness & Mutations

You cannot be hasted, slowed, berserked, paralysed or teleported.
You can dig through walls and to a lower floor.
You have a pair of large antennae on your head. (SInv)
Your four strong arms can wield two-handed weapons with a shield.


Message History

Casting: Scorch (safe; 3% risk of failure)
Confirm with . or Enter, or press ? or * to list all spells.
Flames lash the killer bee.
The killer bee is burned terribly!
You kill the killer bee!
You feel sick.
You start resting.
You feel sick. x6
You are no longer poisoned.
You start resting.
Magic restored.
You start resting.
HP restored.
You climb downwards.
Level annotation: Ijyb The killer bee stings you. x5; The killer bee stings you!
You are poisoned.
The killer bee poisons you!
Eustachio the Magnificent comes into view.
He is wielding a +0 rapier.
The killer bee stings you.
The killer bee stings you but does no damage.
The killer bee stings you.
You are more poisoned.
The killer bee poisons you!
There is a stone staircase leading up, spattered with blood here.
Unknown command.
You feel very sick. The killer bee closely misses you.
The killer bee stings you. The killer bee stings you!
* * * LOW HITPOINT WARNING * * *
Eustachio screams, "At last I'll have my revenge!"
Eustachio barely misses you. The killer bee stings you.
* * * LOW HITPOINT WARNING * * *
You are more poisoned.
The killer bee poisons you! The killer bee stings you.
* * * LOW HITPOINT WARNING * * *
The killer bee stings you.
* * * LOW HITPOINT WARNING * * *
You are more poisoned.
The killer bee poisons you!
You climb upwards.
You die...

########### #.........# #####
#.#######.# ###### #...####.#####
#.# #....####.......)....# #.#
#...........####.###.###.#
###.##.##..yy.# #.........#
#..).#.##.†@y## #..##.###.#
#.#..#.##.#@.# #.........#
#....#.)...).# ##.##.###.#
#....####.#.## #....# #.#
#....####.#'## #.#### #.#
##....>......## #.# #.#
##.######.....## #.######># ##..#
##......)## #........#
#####...####.........###....#####


You could see Eustachio and 3 killer bees.

Vanquished Creatures
  Sigmund (D:3)
  Blork the orc (D:4)
  2 killer bees (D:4)
  An orc wizard (D:4)
  Robin (D:3)
  8 gnolls
  3 adders
  An adder skeleton (D:4)
  A worm (D:3)
  4 dart slugs
  3 orcs (D:4)
  An endoplasm (D:3)
  5 giant cockroaches
  12 goblins
  4 hobgoblins
  2 jackals (D:4)
  8 kobolds
  2 quokkas
  6 ball pythons
  9 bats
  4 frilled lizards
  3 rats
82 creatures vanquished.

Notes
Turn   | Place    | Note
-------+----------+-------------------------------------------
     0 | D:1      | hikkokomori the Formicid Cinder Acolyte began the quest for
                  | the Orb.
     0 | D:1      | Reached XP level 1. HP: 18/18 MP: 2/2
    86 | D:1      | Reached XP level 2. HP: 13/24 MP: 3/3
   231 | D:1      | Learned a level 2 spell: Scorch
   357 | D:1      | Reached skill level 1 in Stealth
   806 | D:2      | Reached XP level 3. HP: 24/29 MP: 5/5
  1448 | D:2      | Reached XP level 4. HP: 17/37 MP: 3/6
  2315 | D:3      | Reached skill level 4 in Fighting
  2498 | D:3      | Found Vynolin's Magic Scroll Boutique.
  2805 | D:3      | Reached XP level 5. HP: 39/42 MP: 8/8
  2805 | D:3      | Noticed Sigmund
  2826 | D:3      | Killed Sigmund
  2827 | D:3      | Reached XP level 6. HP: 33/49 MP: 0/10
  3110 | D:3      | Found a faded altar of an unknown god.
  3537 | D:4      | Noticed Blork the orc
  3542 | D:4      | Killed Blork the orc
  3591 | D:4      | Reached XP level 7. HP: 55/55 MP: 2/11
  3880 | D:4      | Noticed Robin
  3919 | D:3      | Killed Robin
  4312 | D:4      | Reached skill level 5 in Fighting
  4551 | D:5      | Entered Level 5 of the Dungeon
  4551 | D:5      | Noticed Ijyb
  4551 | D:5      | Noticed a water moccasin
  4762 | D:5      | Noticed Eustachio
  4763 | D:5      | HP: 1/56 [killer bee (4)]
  4764 | D:4      | Succumbed to a killer bee's poison

Illustrated notes

Levels and vault maps discovered:
D:1:      minmay_arrival_arboretum_small, layout_basic
D:2:      layout_basic
D:3:      layout_loops_cross, serial_shops, nicolae_shop_hallway_stairs,
          ebering_ecumenical_altar_ruins, uniq_sigmund
D:4:      layout_loops_corners, kennysheep_generic_room_2, uniq_blork_the_orc,
          uniq_edmund, uniq_robin
D:5:      layout_cave_pools, corexii_corridor_pit, minmay_lizard_king,
          uniq_eustachio, uniq_ijyb, uniq_duvessa, uniq_prince_ribbit1

Skill      XL: |  1  2  3  4  5  6  7 |
---------------+----------------------+-----
Stealth        | 1 2 3 4 |  4.6
Spellcasting   | 2 3 |  3.7
Fighting       | 4 5 |  5.1
Fire Magic     | 4 |  4.8
Long Blades    | |  3.0

Action                   |  1- 3 |  4- 6 |  7- 9 || total
-------------------------+-------+-------+-------++-------
Melee: Falchion          |    86 |    43 |       ||   129
       Punch             |     2 |       |       ||     2
       Long sword        |       |     4 |    36 ||    40
 Cast: Scorch            |     1 |    23 |    20 ||    44
Invok: Fiery Armour      |       |     1 |       ||     1
  Use: Scroll            |       |     4 |       ||     4
 Stab: Sleeping          |     3 |     5 |     1 ||     9
Armor: Robe              |    24 |    12 |    12 ||    48
Dodge: Dodged            |    65 |    40 |    48 ||   153
